 Dungeon Crawl Stone Soup version 0.29.0-15-g675c0067aa (webtiles) character file.

Game seed: 1717853844202761042

1507 qw the Cleaver (level 8, 0/70 HPs)
             Began as a Minotaur Berserker on Sept 12, 2022.
             Was a Priest of Trog.
             Killed from afar by an electric eel (4 damage)
             ... with a bolt of electricity
             ... on level 6 of the Dungeon.
             The game lasted 00:01:52 (5258 turns).

qw the Cleaver (Minotaur Berserker)                 Turns: 5258, Time: 00:01:52

Health: 0/70       AC: 20    Str: 24    XL:     8   Next: 53%
Magic:  7/7        EV:  7    Int:  4    God:    Trog [***...]
Gold:   284        SH:  0    Dex: 16    Spells: 7/7 levels left

rFire   + . .      SeeInvis .   Y - +1 hand axe
rCold   . . .      Faith    .   (no shield)
rNeg    . . .      Spirit   .   b - +8 plate armour of the King of the Hill {Harm rF+}
rPois   .          Reflect  .   (helmet restricted)
rElec   .          Harm     +   (no cloak)
rCorr   .          Rampage  .   (no gloves)
Will    .....                   (no boots)
Stlth   ..........              c - amulet of regeneration
HPRegen 1.01/turn               m - +6 ring of dexterity
MPRegen 0.10/turn               (no ring)

@: about to teleport, on berserk cooldown, slowed, very slow
A: horns 2, retaliatory headbutt
a: Renounce Religion, Berserk, Trog's Hand


You were on level 6 of the Dungeon.
You worshipped Trog.
Trog was most pleased with you.
You visited 1 branch of the dungeon, and saw 6 of its levels.

You collected 284 gold pieces.


Innate Abilities, Weirdness & Mutations

You have a pair of horns on your head.
You reflexively headbutt those who attack you in melee.


   Skills:
 - Level 6.1 Fighting
 - Level 11.2 Axes
 - Level 2.0 Throwing
 + Level 4.9 Armour
 - Level 2.1 Dodging


You had 7 spell levels left.
You didn't know any spells.
Your spell library was empty.

Inventory:

Hand Weapons
 n - a +0 flail
 Y - a +1 hand axe (weapon)
Missiles
 a - a javelin (quivered)
Armour
 b - the +8 plate armour of the King of the Hill (worn) {Harm rF+}
   (You acquired it on level 2 of the Dungeon)

   rF:        It protects you from fire.
   Harm:      It increases damage dealt and taken.
 l - a +0 plate armour
Jewellery
 c - an amulet of regeneration (around neck)
 m - a +6 ring of dexterity (left hand)
Scrolls
 h - a scroll of identify
 i - a scroll of teleportation
Potions
 d - a potion of mutation {unknown}
 e - a potion of resistance
 f - a potion of curing
 g - a potion of heal wounds {unknown}
 j - a potion of cancellation {unknown}
 o - a potion of might {unknown}
 p - a potion of magic {unknown}
 q - a potion of attraction {unknown}

Dungeon Overview and Level Annotations

Branches:
Dungeon (6/15)
 Temple: D:4-7

Altars:
Yredelemnul

Annotations:
D:3 1 runed translucent door, Crazy Yiuf


Message History

The electric eel shoots out a bolt of lightning at you!
The bolt of electricity hits you!
The electric eel shoots out a bolt of lightning at you!
The bolt of electricity hits you.
You slash the electric eel!
You kill the electric eel!
Trog accepts your kill.
You hear a splash.
Your Throwing skill increases to level 2!
You enter the shallow water.
Moving in this stuff is going to be slow.
Found a ring mail.
The electric eel shoots out a bolt of lightning at you!
The bolt of electricity hits you!
You feel a strong urge to attack something.
The electric eel shoots out a bolt of lightning at you!
The bolt of electricity hits you.
You barely miss the electric eel.
The electric eel shoots out a bolt of lightning at you!
The bolt of electricity hits you but does no damage.
The electric eel shoots out a bolt of lightning at you!
The bolt of electricity hits you but does no damage.
You slash the electric eel!
You kill the electric eel!
Trog accepts your kill.
You start resting.
You feel a strong urge to attack something.
You are no longer berserk.
You are exhausted.
You feel yourself slow down.
The electric eel shoots out a bolt of lightning at you!
The bolt of electricity misses you.
5257 ||| READING 2 scrolls of teleportation.
As you read the scroll of teleportation, it crumbles to dust.
You feel strangely unstable.
The electric eel shoots out a bolt of lightning at you!
The bolt of electricity hits you.
The electric eel shoots out a bolt of lightning at you!
The bolt of electricity hits you.
You die...

#...~~~..##
.....~~~~..#
...~.~~~P..##
...~~~~~..<.#
....~~~~~...#
[...~~~~~.#.#
....P~~S..#.#
...~P~~~.)#.#
..$.~~~@~...#
.#.~~~~~...##
....P~~~.#.#
##.~.~~~.#.#
#.P~~~..#.#
#..~~~~~...#
#.~~~~~~...
#..~~~~~~..
..~~~~~~~..#


You could see an electric eel.

Vanquished Creatures
  4 yaks (D:5)
  An ice beast (D:5)
  3 phantoms (D:5)
  A necrophage (D:4)
  A scorpion (D:5)
  2 electric eels (D:6)
  A howler monkey (D:5)
  A jelly (D:5)
  2 hounds (D:5)
  An iguana (D:4)
  An orc wizard (D:4)
  Robin (D:3)
  7 adders
  4 gnolls (D:4)
  A white imp (D:5)
  7 worms
  A dart slug (D:4)
  7 orcs
  10 endoplasms
  5 giant cockroaches
  15 hobgoblins
  4 kobolds (D:1)
  4 quokkas
  10 ball pythons
  7 bats
  3 frilled lizards (D:1)
  20 goblins
  6 rats
130 creatures vanquished.

Notes
Turn   | Place    | Note
-------+----------+-------------------------------------------
     0 | D:1      | qw the Minotaur Berserker began the quest for the Orb.
     0 | D:1      | Reached XP level 1. HP: 19/19 MP: 0/0
     0 | D:1      | 0 ||| qw: Version: 0.1-a-119-g272c26d
     0 | D:1      | 0 ||| qw: Game counter: 11011
     0 | D:1      | 0 ||| qw: Always use a shield: true
     0 | D:1      | 0 ||| qw: Do Orc after D:15 true
     0 | D:1      | 0 ||| qw: Do second Lair branch before Depths: true
     0 | D:1      | 0 ||| qw: Lair rune preference: random
     0 | D:1      | 0 ||| qw: Plans: Normal
     0 | D:1      | 0 ||| PLANNING D:1-11
   165 | D:1      | Reached skill level 4 in Axes
   210 | D:1      | 210 ||| Stepping ~*~*~tactically~*~*~ (stealth).
   213 | D:1      | 213 ||| Stepping ~*~*~tactically~*~*~ (stealth).
   215 | D:1      | 215 ||| Stepping ~*~*~tactically~*~*~ (stealth).
   257 | D:1      | 257 ||| Stepping ~*~*~tactically~*~*~ (stealth).
   258 | D:1      | 258 ||| Stepping ~*~*~tactically~*~*~ (stealth).
   259 | D:1      | 259 ||| Stepping ~*~*~tactically~*~*~ (stealth).
   260 | D:1      | 260 ||| Stepping ~*~*~tactically~*~*~ (stealth).
   282 | D:1      | Reached XP level 2. HP: 26/26 MP: 1/1
   305 | D:1      | 305 ||| Stepping ~*~*~tactically~*~*~ (stealth).
   385 | D:1      | 385 ||| Stepping ~*~*~tactically~*~*~ (stealth).
   386 | D:1      | 386 ||| Stepping ~*~*~tactically~*~*~ (stealth).
   391 | D:1      | 391 ||| Stepping ~*~*~tactically~*~*~ (stealth).
   396 | D:1      | 396 ||| Stepping ~*~*~tactically~*~*~ (stealth).
   401 | D:1      | 401 ||| Stepping ~*~*~tactically~*~*~ (stealth).
   505 | D:1      | 505 ||| Stepping ~*~*~tactically~*~*~ (stealth).
   578 | D:1      | Reached skill level 5 in Axes
   604 | D:1      | Reached ** piety under Trog
   724 | D:1      | Reached XP level 3. HP: 31/31 MP: 2/2
   886 | D:1      | 886 ||| Stepping ~*~*~tactically~*~*~ (stealth).
   888 | D:1      | 888 ||| Stepping ~*~*~tactically~*~*~ (stealth).
  1039 | D:1      | 1039 ||| UPGRADING to +0 ring mail.
  1049 | D:1      | 1049 ||| DROPPING +0 animal skin.
  1050 | D:1      | 1050 ||| READING scroll labelled AGGULE UBIEP.
  1051 | D:1      | 1051 ||| READING 3 scrolls labelled WEGESI JAIPRA.
  1052 | D:1      | 1052 ||| READING 3 scrolls labelled WYUCON LIOL.
  1056 | D:1      | 1056 ||| READING scroll labelled LAEJON QEECANE.
  1057 | D:1      | 1057 ||| READING 2 scrolls of identify.
  1057 | D:1      | 1057 ||| IDENTIFYING viscous grey potion
  1068 | D:2      | 1068 ||| Stepping ~*~*~tactically~*~*~ (stealth).
  1322 | D:2      | 1322 ||| INVOKING Berserk.
  1526 | D:2      | Reached skill level 1 in Throwing
  1552 | D:2      | 1552 ||| INVOKING Berserk.
  1562 | D:2      | Reached XP level 4. HP: 38/39 MP: 3/3
  1948 | D:2      | Reached skill level 6 in Axes
  1985 | D:2      | 1985 ||| UPGRADING to amulet of regeneration.
  1990 | D:2      | 1990 ||| UPGRADING to +6 ring of dexterity.
  1991 | D:2      | 1991 ||| READING scroll labelled DIESEOH SUSI.
  1992 | D:2      | 1992 ||| READING scroll labelled UTINNO UGA UKH.
  1993 | D:2      | 1993 ||| READING scroll labelled OKICUO GENID.
  1994 | D:2      | 1994 ||| READING scroll labelled WAJIUT YSMEAD.
  1994 | D:2      | Identified a scroll of acquirement
  1994 | D:2      | 1994 ||| ACQUIRING +8 plate armour of the King of the Hill
                  | {Harm rF+}
  1994 | D:2      | Acquired the +8 plate armour of the King of the Hill {Harm
                  | rF+}
  1996 | D:2      | 1996 ||| UPGRADING to +8 plate armour of the King of the
                  | Hill {Harm rF+}.
  2006 | D:2      | 2006 ||| DROPPING +0 ring mail.
  2007 | D:2      | 2007 ||| DRINKING 2 sedimented green potions.
  2008 | D:2      | 2008 ||| DROPPING potion of brilliance.
  2053 | D:3      | 2053 ||| STAIRDANCE
  2059 | D:3      | 2059 ||| STAIRDANCE
  2066 | D:3      | 2066 ||| STAIRDANCE
  2066 | D:3      | Noticed Robin
  2078 | D:3      | 2078 ||| STAIRDANCE
  2085 | D:3      | 2085 ||| STAIRDANCE
  2091 | D:3      | 2091 ||| STAIRDANCE
  2097 | D:3      | 2097 ||| INVOKING Berserk.
  2103 | D:3      | Killed Robin
  2231 | D:3      | Found a faded altar of an unknown god.
  2355 | D:3      | Identified the +2 robe "Quweqor" {rElec}
  2423 | D:3      | 2423 ||| Stepping ~*~*~tactically~*~*~ (stealth).
  2434 | D:3      | Reached XP level 5. HP: 45/45 MP: 4/4
  2439 | D:3      | Reached *** piety under Trog
  2607 | D:3      | 2607 ||| Stepping ~*~*~tactically~*~*~ (stealth).
  2781 | D:3      | 2781 ||| DROPPING +0 whip.
  2854 | D:3      | Found a runed translucent door.
  2855 | D:3      | Noticed Crazy Yiuf
  2988 | D:3      | 2988 ||| READING scroll labelled SUCUGIMEUCK.
  2989 | D:3      | 2989 ||| READING 2 scrolls of identify.
  2989 | D:3      | 2989 ||| IDENTIFYING smoky brown potion
  2990 | D:3      | 2990 ||| DROPPING potion of berserk rage.
  3052 | D:4      | Reached skill level 7 in Axes
  3064 | D:4      | 3064 ||| Stepping ~*~*~tactically~*~*~ (hiding).
  3067 | D:4      | 3067 ||| INVOKING Berserk.
  3072 | D:4      | Reached skill level 3 in Armour
  3119 | D:4      | 3119 ||| Stepping ~*~*~tactically~*~*~ (stealth).
  3217 | D:4      | Reached XP level 6. HP: 55/55 MP: 5/5
  3389 | D:4      | 3389 ||| Stepping ~*~*~tactically~*~*~ (stealth).
  3391 | D:4      | 3391 ||| Stepping ~*~*~tactically~*~*~ (stealth).
  3393 | D:4      | 3393 ||| Stepping ~*~*~tactically~*~*~ (stealth).
  3403 | D:4      | 3403 ||| INVOKING Berserk.
  3548 | D:4      | Found a basalt altar of Yredelemnul.
  3593 | D:4      | Identified the +3 short sword of Cylurar {freeze, rF++
                  | Will+ Str+2 Dex-3}
  3697 | D:4      | 3697 ||| READING scroll labelled YSMISA ZOLAR.
  3698 | D:4      | 3698 ||| READING scroll labelled QAMEQA QO ALI.
  3716 | D:5      | Entered Level 5 of the Dungeon
  3760 | D:5      | 3760 ||| INVOKING Berserk.
  3863 | D:5      | 3863 ||| Stepping ~*~*~tactically~*~*~ (stealth).
  3903 | D:5      | Noticed an ice beast
  3907 | D:5      | 3907 ||| INVOKING Berserk.
  3909 | D:5      | Killed an ice beast
  3910 | D:5      | Reached skill level 8 in Axes
  3925 | D:5      | Reached XP level 7. HP: 59/60 MP: 6/6
  4058 | D:5      | Reached skill level 9 in Axes
  4123 | D:5      | Noticed a yak
  4123 | D:5      | Noticed a yak
  4125 | D:5      | 4125 ||| Stepping ~*~*~tactically~*~*~ (stealth).
  4125 | D:5      | Noticed a yak
  4126 | D:5      | Noticed a yak
  4140 | D:5      | Killed a yak
  4141 | D:5      | Reached skill level 6 in Fighting
  4152 | D:5      | Killed a yak
  4159 | D:5      | Killed a yak
  4160 | D:5      | Reached skill level 10 in Axes
  4160 | D:5      | Reached XP level 8. HP: 51/70 MP: 7/7
  4950 | D:5      | Reached skill level 11 in Axes
  5195 | D:5      | 5195 ||| DROPPING amulet of guardian spirit.
  5196 | D:5      | 5196 ||| READING scroll labelled LISTRITH OTAT.
  5197 | D:5      | 5197 ||| DRINKING 2 fizzy grey potions.
  5241 | D:6      | 5241 ||| INVOKING Berserk.
  5248 | D:6      | HP: 21/105 [electric eel/bolt of electricity (14)]
  5250 | D:6      | HP: 5/105 [electric eel/bolt of electricity (14)]
  5257 | D:6      | 5257 ||| READING 2 scrolls of teleportation.
  5258 | D:6      | HP: 4/70 [electric eel/bolt of electricity (6)]
  5258 | D:6      | Killed from afar by an electric eel

Levels and vault maps discovered:
D:1:      shiori_arrival_oz, layout_loops_cross, dk_noncrumbling_4
D:2:      layout_basic
D:3:      layout_loops_cross, chequers_ecumenical_altar_simple_redux,
          nicolae_wormholes, uniq_robin, uniq_crazy_yiuf_cottage
D:4:      layout_rooms, general_overflow_altar
D:5:      layout_layer_cave
D:6:      layout_cave_pools, nicolae_tso_carved_into_rock, jmf_multi_god_temple,
          minmay_temple_entry_mist, grunt_decor_junction, chequers_big_river

Skill      XL: |  1  2  3  4  5  6  7  8 |
---------------+-------------------------+-----
Axes           | 4 5 6 7 8 10 11 | 11.2
Throwing       | 1 2 |  2.0
Armour         | 3 4 |  4.9
Fighting       | 4 6 |  6.1
Dodging        | |  2.1

Action                   |  1- 3 |  4- 6 |  7- 9 || total
-------------------------+-------+-------+-------++-------
Melee: Hand axe          |    89 |   108 |    90 ||   287
       Headbutt          |    11 |    22 |    25 ||    58
       Punch             |       |       |     1 ||     1
Throw: Boomerang         |    32 |       |       ||    32
       Javelin           |     9 |    31 |     7 ||    47
Invok: Berserk           |     2 |     5 |     1 ||     8
  Use: Scroll            |     5 |     8 |     2 ||    15
       Potion            |       |     1 |     1 ||     2
Armor: Animal skin       |    15 |       |       ||    15
       Ring mail         |     6 |       |       ||     6
       Plate armour      |       |    67 |    37 ||   104
Dodge: Dodged            |    44 |    34 |    16 ||    94

Table legend:
 A = Non-vault XP
 B = Vault XP
 C = Vault XP percentage of total XP
 D = Non-vault monster count
 E = Vault monster count
 F = Vault count percentage of total count
                 A         B        C        D         E       F
            +---------+---------+-------+---------+---------+-------
      Total |    2103 |      51 |   2.4 |     114 |      16 |  12.3
            +---------+---------+-------+---------+---------+-------
        D:1 |      48 |       4 |   7.7 |      29 |       2 |   6.5
        D:2 |      72 |      18 |  20.0 |      24 |      10 |  29.4
        D:3 |      51 |      29 |  36.2 |      16 |       4 |  20.0
        D:4 |     266 |       0 |   0.0 |      24 |       0 |   0.0
        D:5 |    1557 |       0 |   0.0 |      18 |       0 |   0.0
        D:6 |     109 |       0 |   0.0 |       3 |       0 |   0.0
            +---------+---------+-------+---------+---------+-------
